Map: Romanticide LE

Players

Antis

  • Race: Zerg Zerg

Neeb - Winner!

  • Race: Protoss Protoss

Event: DreamHack SC2 Masters 2021 Fall

VOD

Have the link to the VOD?

Description

Time

  • Played on: Aug. 4, 2021, 6:17 p.m.
  • Length: 15:08

All games in this series

Show
View Real Time Build Order
Export as new Build Order

Antis Zerg 

Build Orders: Pool First 

Get SALT Encoding   

  12  0:00  Drone  
  13  0:12  Overlord  
  13  0:16  Drone  
  14  0:31  Drone x2  
  16  0:42  Spawning Pool  
  15  1:06  Hatchery  
  15  1:10  Drone  
  15  1:16  Drone  
  16  1:29  Zergling x4  
  18  1:33  Zergling x2  
  19  1:44  Queen, Drone  
  22  1:56  Overlord  
  22  2:06  Hatchery  
  22  2:08  Extractor  
  20  2:14  Drone  
  22  2:19  Drone  
  23  2:23  Queen  
  23  2:28  Drone  
  26  2:35  Hatchery  
  25  2:41  Drone  
  26  2:51  Zergling x2  
  27  3:00  Queen  
  27  3:02  Zergling x2  
  30  3:10  Overlord  
  30  3:13  Metabolic Boost  
  31  3:20  Zergling x4  
  31  3:26  Queen  
  34  3:44  Drone  
  34  3:45  Drone x4  
  38  3:49  Drone x2  
  38  3:55  Drone  
  41  4:04  Overlord  
  41  4:06  Drone x2  
  43  4:13  Queen  
  43  4:14  Drone x2  
  47  4:21  Drone x2  
  49  4:26  Drone x3  
  49  4:30  Drone  
  53  4:35  Drone x3  
  56  4:41  Overlord  
  56  4:46  Drone  
  56  4:47  Overlord  
  55  4:54  Drone x2  
  55  4:55  Overlord  
  57  5:00  Drone  
  57  5:01  Drone x5  
  57  5:04  Overlord  
  63  5:10  Extractor, Roach Warren  
  63  5:11  Overlord  
  61  5:18  Zergling x12  
  67  5:31  Drone x4  
  67  5:32  Drone x2  
  73  5:35  Lair  
  73  5:38  Spore Crawler  
  72  5:43  Zergling x2  
  72  5:44  Zergling x12  
  78  5:51  Drone x4  
  78  5:54  Overlord  
  82  6:00  Drone  
  82  6:01  Drone x2  
  80  6:04  Drone x5  
  80  6:11  Spore Crawler, Drone x5, Overlord  
  89  6:20  Extractor, Overlord  
  89  6:21  Extractor  
  87  6:26  Drone x2  
  87  6:29  Extractor  
  87  6:30  Roach  
  87  6:31  Roach x4  
  97  6:35  Overseer, Glial Reconstitution  
  97  6:38  Roach x2  
  101  6:47  Overlord x2  
  101  6:48  Spine Crawler  
  101  6:49  Spine Crawler  
  101  6:50  Zergling x8  
  101  6:52  Overlord  
  103  6:54  Drone x2  
  105  7:01  Ravager  
  105  7:03  Overlord  
  105  7:04  Overlord  
  106  7:11  Drone x9  
  115  7:21  Spore Crawler  
  114  7:27  Drone x2  
  114  7:28  Drone x5  
  119  7:30  Extractor  
  119  7:34  Evolution Chamber  
  119  7:36  Evolution Chamber, Roach  
  119  7:37  Roach x5, Infestation Pit  
  125  7:42  Queen  
  129  7:59  Zerg Missile Weapons Level 1  
  129  8:00  Hatchery  
  129  8:04  Drone  
  128  8:07  Zerg Ground Armor Level 1  
  128  8:11  Overlord x5  
  128  8:13  Roach x5  
  128  8:19  Ravager x2  
  141  8:20  Ravager  
  141  8:24  Ravager x2  
  141  8:25  Roach  
  145  8:28  Overlord x4  
  145  8:32  Queen  
  146  8:34  Hive  
  146  8:45  Roach  
  146  8:46  Roach x7  
  162  9:01  Drone x2  
  166  9:02  Roach  
  166  9:03  Roach x7  
  166  9:09  Extractor  
  178  9:10  Spore Crawler  
  178  9:15  Ravager x3  
  178  9:16  Ravager x3, Overlord x2  
  178  9:17  Overlord  
  183  9:26  Roach x3  
  183  9:27  Roach x5  
  199  9:36  Overlord  
  176  9:55  Roach x12  
  176  9:57  Overlord x2  
  195  10:07  Extractor  
  195  10:09  Spine Crawler  
  195  10:10  Viper x2  
  199  10:16  Zerg Missile Weapons Level 2  
  199  10:19  Drone  
  198  10:33  Hatchery  
  166  10:36  Roach x15  
  163  10:54  Roach x4  
  163  10:55  Roach x6  
  181  10:59  Overseer  
  181  11:07  Ravager  
  181  11:08  Ravager x2  
  181  11:09  Roach x6  
  185  11:24  Roach  
  185  11:25  Roach x4  
  178  11:29  Roach x4  
  178  11:30  Roach x2  
  154  11:43  Roach x7  
  131  12:00  Roach  
  131  12:01  Roach x8  
  147  12:08  Ravager x2  
  147  12:09  Ravager  
  147  12:10  Overseer  
  147  12:14  Viper x2  
  155  12:23  Roach x6  
  167  12:35  Overseer  
  167  12:36  Zergling x8, Roach  
  175  12:37  Roach x2  
  173  12:53  Roach  
  173  12:54  Roach x8  
  186  13:22  Roach x2  
  186  13:23  Roach x4  
  186  13:25  Viper  
  197  13:35  Viper, Overseer  
  197  13:37  Overlord  
  200  14:13  Roach x2  
  192  14:29  Roach x7  
  177  14:46  Roach x14  
Show
View Real Time Build Order
Export as new Build Order

Neeb Protoss - Winner!

Build Orders:  

Get SALT Encoding   

  12  0:00  Probe  
  13  0:12  Probe  
  14  0:19  Pylon  
  14  0:24  Probe  
  15  0:37  Probe (Chrono Boost)  
  15  0:40  Gateway  
  16  0:47  Probe (Chrono Boost)  
  16  0:49  Assimilator  
  17  0:53  Probe  
  18  1:05  Probe  
  19  1:15  Gateway  
  20  1:19  Pylon  
  20  1:25  Zealot (Chrono Boost)  
  20  1:30  Cybernetics Core  
  21  1:36  Probe  
  22  1:44  Zealot  
  24  1:51  Pylon  
  24  2:06  Probe  
  27  2:24  Adept x2 (Chrono Boost)  
  29  2:35  Nexus  
  29  2:42  Pylon  
  29  2:45  Probe  
  29  2:53  Adept  
  31  3:00  Assimilator, Probe  
  31  3:04  Warp Gate  
  32  3:12  Probe (Chrono Boost)  
  33  3:16  Stalker  
  35  3:24  Probe (Chrono Boost)  
  36  3:33  Probe (Chrono Boost)  
  37  3:41  Probe (Chrono Boost)  
  38  3:48  Probe (Chrono Boost)  
  40  3:55  Stargate  
  40  3:58  Probe (Chrono Boost)  
  40  4:00  Probe (Chrono Boost)  
  41  4:04  Probe (Chrono Boost)  
  41  4:05  Probe (Chrono Boost)  
  43  4:12  Pylon  
  43  4:15  Probe  
  45  4:17  Adept, Probe  
  45  4:18  Adept  
  49  4:27  Probe  
  49  4:29  Probe  
  49  4:30  Void Ray (Chrono Boost)  
  51  4:39  Probe  
  51  4:41  Probe  
  51  4:44  Pylon  
  57  4:51  Probe  
  56  4:53  Probe  
  56  4:56  Adept  
  56  4:57  Adept  
  56  4:59  Pylon  
  61  5:03  Probe  
  61  5:04  Gateway  
  61  5:05  Pylon, Oracle (Chrono Boost)  
  62  5:11  Probe  
  66  5:21  Nexus  
  66  5:23  Probe  
  66  5:24  Probe  
  68  5:29  Pylon  
  68  5:32  Assimilator  
  68  5:33  Assimilator  
  68  5:35  Probe  
  69  5:40  Probe  
  70  5:45  Robotics Facility  
  70  5:47  Probe  
  71  5:52  Probe  
  71  5:54  Forge  
  72  6:05  Probe  
  72  6:06  Probe  
  74  6:12  Sentry  
  74  6:13  Sentry  
  74  6:17  Probe  
  79  6:18  Probe  
  79  6:24  Twilight Council, Pylon  
  80  6:29  Pylon, Probe  
  80  6:30  Probe, Immortal (Chrono Boost)  
  86  6:34  Probe  
  86  6:38  Sentry x2  
  91  6:42  Probe  
  91  6:43  Probe  
  91  6:44  Protoss Ground Weapons Level 1 (Chrono Boost), Assimilator  
  91  6:46  Probe  
  94  6:48  Assimilator  
  94  6:52  Pylon  
  94  6:54  Probe  
  95  6:55  Probe  
  95  6:59  Probe  
  97  7:05  Immortal (Chrono Boost)  
  97  7:06  Probe  
  97  7:07  Probe  
  101  7:11  Probe  
  102  7:16  Charge (Chrono Boost)  
  102  7:17  Shield Battery  
  102  7:18  Probe  
  102  7:19  Probe  
  102  7:20  Gateway  
  102  7:22  Gateway  
  104  7:23  Probe  
  104  7:25  Gateway  
  105  7:30  Probe  
  105  7:31  Templar Archives  
  105  7:32  Pylon  
  105  7:33  Gateway x2  
  106  7:39  Gateway  
  106  7:44  Observer (Chrono Boost)  
  107  7:50  Robotics Bay  
  107  7:53  Robotics Facility  
  107  7:54  Pylon  
  107  7:56  Immortal  
  111  8:17  Protoss Ground Weapons Level 2  
  110  8:35  Pylon  
  110  8:36  Pylon  
  110  8:40  Colossus x2 (Chrono Boost)  
  114  8:48  Extended Thermal Lance  
  122  8:53  Probe  
  123  8:56  Stalker x7  
  123  8:57  Blink (Chrono Boost)  
  123  9:00  Nexus  
  123  9:02  Pylon  
  137  9:13  Probe x2  
  137  9:16  Pylon  
  139  9:18  Pylon  
  139  9:24  Photon Cannon  
  139  9:25  Photon Cannon  
  139  9:27  Shield Battery  
  139  9:38  Disruptor (Chrono Boost), Stalker x4  
  145  9:41  Disruptor (Chrono Boost)  
  145  9:44  Pylon  
  145  9:45  Pylon  
  153  9:50  Stalker x3  
  148  10:01  Stalker x2  
  148  10:02  Stalker  
  152  10:11  Disruptor (Chrono Boost), Photon Cannon  
  159  10:14  Shield Battery  
  159  10:15  Shield Battery  
  159  10:17  Immortal (Chrono Boost)  
  155  10:28  Nexus  
  145  10:40  Disruptor  
  136  10:46  Stalker  
  136  10:47  Stalker x7  
  134  10:54  Pylon  
  134  10:55  Disruptor  
  137  10:57  Probe x2  
  139  11:04  Stalker  
  137  11:25  Disruptor  
  132  11:27  Stalker x6  
  132  11:30  Probe x2  
  146  11:34  Photon Cannon  
  125  11:52  Stalker  
  125  11:53  Stalker x8  
  138  11:58  Probe x2  
  138  12:00  Assimilator x2  
  140  12:09  Protoss Ground Weapons Level 3 (Chrono Boost)  
  140  12:11  Disruptor (Chrono Boost)  
  140  12:12  Probe  
  140  12:13  Probe x2  
  149  12:16  Disruptor (Chrono Boost)  
  149  12:26  Nexus  
  149  12:36  Pylon  
  149  12:40  Zealot x3  
  149  12:41  Zealot x6  
  167  12:46  Immortal x2  
  173  13:02  Psionic Storm  
  173  13:10  Photon Cannon  
  173  13:12  Photon Cannon  
  173  13:14  Shield Battery  
  173  13:16  Stalker  
  173  13:17  Stalker x3  
  180  13:23  High Templar  
  180  13:24  High Templar x3  
  186  13:32  Gateway x2  
  186  13:35  Gateway  
  186  13:47  Zealot x5  
  196  13:56  Immortal  
  196  14:00  Assimilator  
  196  14:01  Assimilator  
  168  14:26  Disruptor  
  171  14:33  Zealot x9  
  146  15:01  Zealot x8  

Tags
 
Add a new tag
Caveats
  • Supply blocks, unpowered buildings, or Contaminate may cause inaccurate times.
  • Supply counts are checked every 10 seconds.